Map: Central Protocol

Players

juhyg - Winner!

  • Race: Protoss Protoss
  • League: Bronze

kirito

  • Race: Protoss Protoss
  • League: Bronze

VOD

Have the link to the VOD?

Description

Time

  • Played on: Nov. 17, 2015, 8:17 p.m.
  • Length: 10:34
Show
View Real Time Build Order
Export as new Build Order

juhyg Protoss - Winner!

Build Orders:  

Get SALT Encoding   

  12  0:16  Pylon  
  12  0:20  Assimilator  
  12  0:37  Gateway  
  12  0:43  Probe (Chrono Boost)  
  13  0:53  Probe (Chrono Boost)  
  15  1:04  Probe (Chrono Boost)  
  15  1:14  Probe (Chrono Boost)  
  16  1:24  Cybernetics Core  
  16  1:25  Probe (Chrono Boost)  
  17  1:35  Probe (Chrono Boost)  
  18  1:46  Probe (Chrono Boost)  
  19  1:50  Pylon  
  19  1:53  Pylon  
  19  2:01  Robotics Facility  
  19  2:07  Assimilator  
  19  2:10  Warp Gate (Chrono Boost)  
  19  2:29  Gateway  
  19  2:34  Gateway  
  19  2:37  Gateway  
  19  2:43  Probe  
  20  2:55  Probe, Adept  
  23  3:05  Robotics Bay  
  23  3:07  Probe  
  24  3:13  Pylon  
  24  3:27  Warp Prism  
  26  4:02  Disruptor (Chrono Boost)  
  27  4:15  Adept x4  
  35  4:32  Mothership Core  
  35  4:37  Stalker x3  
  42  5:11  Probe  
  40  5:36  Probe  
  39  5:48  Probe  
  40  6:00  Probe  
  41  6:05  Adept x3  
  47  6:56  Pylon  
  47  6:58  Pylon  
  47  6:59  Pylon  
  47  7:00  Pylon  
  47  7:01  Pylon  
  47  7:14  Probe  
  47  7:15  Colossus (Chrono Boost)  
  54  7:16  Nexus  
  54  7:26  Probe  
  55  7:38  Pylon x2  
  55  7:42  Assimilator, Probe  
  56  7:54  Probe  
  57  8:01  Stalker  
  57  8:02  Stalker, Immortal (Chrono Boost)  
  65  8:06  Probe  
  66  8:18  Probe  
  67  8:26  Probe  
  67  8:30  Probe  
  69  8:37  Probe  
  70  8:42  Probe  
  70  8:46  Immortal (Chrono Boost)  
  70  8:47  Probe  
  75  8:54  Probe  
  77  8:58  Probe  
  77  9:02  Stalker x2  
  82  9:29  Colossus (Chrono Boost)  
Show
View Real Time Build Order
Export as new Build Order

kirito Protoss 

Build Orders:  

Get SALT Encoding   

  12  0:17  Pylon  
  12  0:27  Pylon  
  12  0:41  Gateway  
  12  0:48  Gateway  
  12  0:53  Probe (Chrono Boost)  
  13  1:03  Probe (Chrono Boost)  
  14  1:14  Assimilator  
  14  1:20  Assimilator, Probe (Chrono Boost)  
  16  1:47  Probe (Chrono Boost)  
  16  1:49  Zealot  
  18  1:57  Probe (Chrono Boost)  
  19  2:03  Zealot  
  19  2:08  Probe (Chrono Boost)  
  22  2:18  Probe (Chrono Boost)  
  23  2:27  Cybernetics Core  
  23  2:58  Pylon  
  23  3:25  Adept  
  23  3:26  Adept  
  25  3:53  Adept x2  
  27  4:14  Warp Gate  
  27  4:20  Adept x2  
  31  4:47  Stalker x2  
  31  5:38  Mothership Core (Chrono Boost)  
  29  5:50  Robotics Facility  
  29  5:57  Pylon  
  29  6:00  Pylon  
  29  6:08  Stalker x2  
  33  6:22  Forge  
  28  6:32  Probe (Chrono Boost)  
  29  6:38  Sentry x2  
  33  6:43  Probe (Chrono Boost)  
  34  7:04  Sentry  
  34  7:05  Sentry  
  38  7:21  Robotics Bay  
  36  7:39  Stalker  
  36  7:40  Sentry  
  40  8:50  Nexus  
  40  9:06  Adept  
Tags
 
Add a new tag
Caveats
  • Supply blocks, unpowered buildings, or Contaminate may cause inaccurate times.
  • Supply counts are checked every 10 seconds.